 Dungeon Crawl Stone Soup version 0.29-a0-1052-g6990b1bffc (webtiles) character file.

Game seed: 1979054880914366061

1066 Newt the Cutter (level 8, -11/60 HPs)
             Began as a Demonspawn Gladiator on Aug 17, 2022.
             Was a Follower of Okawaru.
             Killed from afar by an acid dragon (23 damage)
             ... with a splash of acid
             ... on level 6 of the Dungeon.
             The game lasted 00:12:24 (7028 turns).

Newt the Cutter (Demonspawn Gladiator)              Turns: 7028, Time: 00:12:25

Health: -11/60     AC:  2    Str: 17    XL:     8   Next: 7%
Magic:  0/8        EV: 12    Int:  9    God:    Okawaru [*.....]
Gold:   113        SH:  0    Dex: 15    Spells: 7/7 levels left

rFire   . . .      SeeInvis .   t - +2 dagger (elec)
rCold   . . .      Faith    .   (no shield)
rNeg    . . .      Spirit   +   b - +0 leather armour
rPois   .          Reflect  .   c - +0 helmet
rElec   .          Harm     .   j - +1 cloak
rCorr   .          Rampage  .   (no gloves)
Will    .....                   (no boots)
Stlth   ++........              (no amulet)
HPRegen 0.20/turn               n - ring of wizardry
MPRegen 0.22/turn               (no ring)

@: corroded
A: magic shield, magic regeneration
a: Renounce Religion, Heroism


You were on level 6 of the Dungeon.
You worshipped Okawaru.
Okawaru was aware of your devotion.
You visited 2 branches of the dungeon, and saw 7 of its levels.
You also visited: Sewer.

You collected 113 gold pieces.

Inventory:

Hand Weapons
 a - a +0 rapier
 t - a +2 dagger of electrocution (weapon)
Missiles
 d - 3 throwing nets
 e - 3 javelins
 g - 45 stones (quivered)
 o - 7 poisoned darts
 z - 3 curare-tipped darts
 H - 3 boomerangs
Armour
 b - a +0 leather armour (worn)
 c - a +0 helmet (worn)
 j - a +1 cloak (worn)
 A - a +0 scale mail
Jewellery
 n - a ring of wizardry (left hand)
Wands
 E - a wand of flame (17)
 F - a wand of roots (12)
Scrolls
 h - a scroll of enchant armour
 i - a scroll of magic mapping
 l - 2 scrolls of immolation
 p - a scroll of vulnerability
 r - 3 scrolls of teleportation
 x - a scroll of fog {unknown}
 y - 2 scrolls of blinking
 C - a scroll of poison {unknown}
 D - a scroll of fear
 G - a scroll of brand weapon {unknown}
Potions
 f - a potion of invisibility {unknown}
 k - 2 potions of degeneration
 m - a potion of brilliance
 q - 2 potions of curing {unknown}
 s - 2 potions of might {unknown}
 u - a potion of berserk rage
 v - 2 potions of heal wounds {unknown}
 w - a potion of lignification {unknown}
 B - a potion of ambrosia


   Skills:
 - Level 4.0 Fighting
 + Level 5.9 Short Blades
 - Level 4.0 Throwing
 - Level 4.0 Armour
 - Level 2.6 Dodging
 - Level 2.0 Stealth


You had 7 spell levels left.
You didn't know any spells.
Your spell library was empty.

Dungeon Overview and Level Annotations

Branches:
Dungeon (6/15)             Temple (1/1) D:4           Sewer (visited)

Altars:
Ashenzari
Cheibriados
Dithmenos
Hepliaklqana
Nemelex Xobeh
Okawaru
Qazlal
Ru
Trog
Uskayaw
Vehumet
Wu Jian
Xom

Shops:
D:4 [!((

Annotations:
D:3 2 runed translucent doors, pigah's ghost, amateur OpAE
D:4 2 transporters


Innate Abilities, Weirdness & Mutations

When hurt, damage is shared between your health and your magic reserves.
You regenerate magic rapidly.


Message History

Things that are here:
a +0 club; an orc corpse
Found a glowing hat.
The acid dragon roars!
The acid dragon bites you! The acid dragon claws you.
You completely miss the acid dragon. The acid dragon closely misses you.
The acid dragon completely misses you.
You barely miss the acid dragon.
You hit the acid dragon but do no damage.
The acid dragon spits acid at you. The splash of acid hits you!!
The acid corrodes you!
You hit the acid dragon but do no damage.
The acid dragon bites you! The acid dragon claws you.
You hit the acid dragon.
Lightning courses through the acid dragon!
The acid dragon is heavily wounded.
You hit the acid dragon but do no damage.
Lightning courses through the acid dragon!
The acid dragon is almost dead.
The acid dragon bites you. The acid dragon claws you.
You hit the acid dragon but do no damage.
The acid dragon is almost dead.
The acid dragon bites you!
* * * LOW HITPOINT WARNING * * *
The acid dragon claws you.
* * * LOW HITPOINT WARNING * * *
Unknown command.
You hit the acid dragon but do no damage.
The acid dragon is almost dead.
Unknown command.
You hit the acid dragon but do no damage.
The acid dragon is almost dead.
The acid dragon barely misses you. The acid dragon claws you.
* * * LOW HITPOINT WARNING * * *
Unknown command.
You hit the acid dragon but do no damage.
The acid dragon is almost dead.
The acid dragon spits acid at you. The splash of acid hits you!!
You die...

.# ## .. .# #. .. .#
#. #. .# ## #.##.##
#.#...######+++#
######...#......#...#
.[.........####...#
######@#.## #.###
#D#.#####...#
#.#)......#.#
#.<).)......######
##########........
#########


You could see an acid dragon (catching breath).

Vanquished Creatures
  An ice beast (D:5)
  A black bear (D:5)
  An ogre (D:5)
  2 bullfrogs (Sewer)
  2 scorpions
  A jelly (D:5)
  2 hounds
  3 orc priests
  Ijyb (D:5)
  An iguana (D:5)
  3 orc wizards
  A gnoll (D:3)
  11 adders
  A white imp (D:4)
  An ufetubus (D:5)
  4 worms
  3 dart slugs
  4 orcs
  21 ball pythons
  8 endoplasms
  10 giant cockroaches
  A goblin (D:1)
  8 hobgoblins
  5 jackals
  14 quokkas
  5 bats
  8 frilled lizards
  6 kobolds
  3 rats
132 creatures vanquished.

Notes
Turn   | Place    | Note
-------+----------+-------------------------------------------
     0 | D:1      | Newt the Demonspawn Gladiator began the quest for the Orb.
     0 | D:1      | Reached XP level 1. HP: 16/16 MP: 1/1
   165 | D:1      | Reached skill level 1 in Stealth
   359 | D:1      | Found a faded altar of an unknown god.
   418 | D:1      | Gained mutation: You regenerate magic rapidly. [demonic
                  | ancestry]
   418 | D:1      | Reached XP level 2. HP: 22/22 MP: 2/2
  1051 | D:1      | Reached skill level 3 in Short Blades
  1224 | D:2      | Gained mutation: When hurt, damage is shared between your
                  | health and your magic reserves. [demonic ancestry]
  1224 | D:2      | Reached XP level 3. HP: 24/27 MP: 3/3
  1763 | D:2      | Reached XP level 4. HP: 33/33 MP: 4/4
  1785 | D:2      | Reached skill level 4 in Short Blades
  2329 | D:3      | Found a runed translucent door.
  2341 | D:3      | Noticed pigah's ghost (amateur OpAE)
  2976 | D:3      | Found a runed translucent door.
  3207 | D:4      | Found Nohocol's Antique Weapon Emporium.
  3234 | D:4      | Found Jicelink's Weapon Shoppe.
  3272 | D:4      | Reached XP level 5. HP: 23/41 MP: 5/5
  3348 | D:4      | Reached skill level 1 in Armour
  3517 | D:4      | Found a glowing drain.
  3534 | Sewer    | Entered a sewer
  4023 | Sewer    | Reached XP level 6. HP: 42/48 MP: 4/6
  4574 | D:4      | Found Iclisawoje's Distillery.
  4610 | D:4      | Noticed a kobold demonologist
  4622 | D:4      | Found a transporter.
  4756 | D:4      | Found a transporter.
  4763 | D:4      | Found a staircase to the Ecumenical Temple.
  4786 | Temple   | Entered the Ecumenical Temple
  4939 | Temple   | Became a worshipper of Warmaster Okawaru
  5172 | D:4      | Found Iwne's Antique Armour Boutique.
  5271 | D:5      | Entered Level 5 of the Dungeon
  5281 | D:4      | Reached XP level 7. HP: 50/54 MP: 7/7
  5392 | D:5      | Found a bloodstained altar of Trog.
  5784 | D:5      | Reached * piety under Okawaru
  5964 | D:5      | Noticed Ijyb
  5986 | D:5      | Killed Ijyb
  6360 | D:5      | Reached skill level 5 in Short Blades
  6764 | D:6      | Reached XP level 8. HP: 36/60 MP: 8/8
  7028 | D:6      | Killed from afar by an acid dragon

Illustrated notes

Levels and vault maps discovered:
D:1:      dpeg_arrival_circle_labyrinth_a, layout_basic,
          ebering_ecumenical_altar_mist, serial_glass, glass_columns_b,
          glass_columns_b, due_unseen_surprise, item_on_display_a,
          chequers_serial_rivers_large_b, nrook_loot_triangle
D:2:      layout_loops_ring, chequers_serial_rivers_small_3
D:3:      minmay_diamond_boxcup, layout_rooms, ebering_ghost_sewer_f,
          patterned_corridor
D:4:      gammafunk_wand_slinger, layout_loops_ring,
          minmay_temple_entry_purple_smoke, portal_sewer_entry_c, serial_shops,
          nicolae_shop_trees, nicolae_shop_trees, kennysheep_mini_moat,
          shop_statue
D:5:      layout_loops_ring, mainiacjoe_overflow_divided_tiny, uniq_ijyb
D:6:      layout_loops_ring, mainiacjoe_overflow_alcove_4, serial_shops,
          nicolae_shop_statue_plus, hangedman_abyss_or_decor_passed
Temple:   hellmonk_temple_forest_ring

Skill      XL: |  1  2  3  4  5  6  7 |
---------------+----------------------+-----
Stealth        | 1 2 |  2.0
Short Blades   | 3 4 5 |  5.9
Fighting       | 3 4 |  4.0
Armour         | 2 4 |  4.0
Throwing       | 2 4 |  4.0
Dodging        | |  2.6

Action                   |  1- 3 |  4- 6 |  7- 9 || total
-------------------------+-------+-------+-------++-------
Melee: Rapier            |    86 |    45 |       ||   131
       Dagger            |       |   339 |   116 ||   455
       Punch             |       |     6 |     1 ||     7
Throw: Stone             |       |     2 |    13 ||    15
       Throwing net      |       |       |     1 ||     1
  Use: Scroll            |     1 |     1 |     8 ||    10
 Stab: Sleeping          |     3 |     3 |       ||     6
       Held in net/web   |       |       |     1 ||     1
Armor: Leather armour    |    22 |    79 |    21 ||   122
Dodge: Dodged            |    58 |   211 |    55 ||   324

Table legend: (Time is in decaauts)
 A = Elapsed time spent in this place.
 B = Non-inter-level travel time spent in this place.
 C = Inter-level travel time spent in this place.
 D = Time resting spent in this place.
 E = Time spent auto-exploring this place.
 F = Levels seen in this place.
 G = Mean time per level.
                   A        B        C        D        E       F      G
               +--------+--------+--------+--------+--------+-----+--------+
         Total |   7062 |   6905 |    157 |   1886 |   3579 |   8 |  882.8 |
       Dungeon |   5930 |   5814 |    116 |   1541 |   3459 |   6 |  988.3 |
        Temple |    171 |    130 |     41 |      0 |    120 |   1 |  171.0 |
         Sewer |    960 |    960 |      0 |    345 |      0 |   1 |  960.0 |
               +--------+--------+--------+--------+--------+-----+--------+

Top non-repeatable levels by time:
     D:5: 1616 daAuts
     D:1: 1234 daAuts
     D:2: 1129 daAuts
     D:4: 977 daAuts
   Sewer: 960 daAuts
     D:3: 867 daAuts
  Temple: 171 daAuts
     D:6: 105 daAuts
